 Dungeon Crawl Stone Soup version 0.18-a0-1677-g2bdad6c (webtiles) character file.

968 Ijustatesigmund the Covert (level 8, -1/54 HPs)
             Began as an Octopode Assassin on Apr 2, 2016.
             Was an Initiate of Cheibriados.
             Slain by a phantom (9 damage)
             ... on level 6 of the Dungeon.
             The game lasted 00:12:20 (6646 turns).

Ijustatesigmund the Covert (Octopode Assassin)      Turns: 6646, Time: 00:12:21

Health: -1/54      AC:  1    Str: 11    XL:     8   Next: 16%
Magic:  8/8        EV: 13    Int: 19    God:    Cheibriados [......]
Gold:   224        SH:  0    Dex: 15    Spells: 0 memorised, 7 levels left

rFire  . . .     SeeInvis .     a - +2 dagger
rCold  . . .     Gourm    .     (no shield)
rNeg   + + .     Faith    .     (helmet restricted)
rPois  .         Spirit   .     (no amulet)
rElec  .         Dismiss  .     e - ring of positive energy
rCorr  .         Reflect  .     l - +3 ring of intelligence
SustAt .         Harm     .     n - ring of flight
MR     .....                    q - ring of positive energy
Stlth  ++++++....               (no ring)
                                (no ring)
                                (no ring)
                                (no ring)

@: very slow, not resistant to hostile enchantments, very stealthy
A: almost no armour, amphibious, 8 rings, constrict 8, camouflage 1, gelatinous
body 1
a: Bend Time, Renounce Religion, Evoke Flight


You were on level 6 of the Dungeon.
You worshipped Cheibriados.
Cheibriados was noncommittal.
You were not hungry.

You visited 2 branches of the dungeon, and saw 8 of its levels.

You collected 224 gold pieces.

Inventory:

Hand Weapons
 a - a +2 dagger (weapon)
 b - a +1 blowgun
Missiles
 d - 5 poisoned needles
 r - 3 tomahawks (quivered)
Armour
 v - a +0 large shield
Jewellery
 e - a ring of positive energy (left tentacle)
 l - a +3 ring of intelligence (right tentacle)
 n - a ring of flight (on tentacle)
 q - a ring of positive energy (on tentacle)
Wands
 s - a wand of acid (7/15)
Scrolls
 c - a scroll of remove curse
 g - a scroll of magic mapping
 p - a scroll of teleportation
Potions
 h - 2 potions of cancellation
 i - 2 potions of flight
 k - a potion of mutation {unknown}
 m - a potion of magic
 o - 2 potions of heal wounds {unknown}
 u - a potion of brilliance {unknown}
Comestibles
 f - 6 bread rations
 j - a slice of pizza
 w - 2 chunks of flesh


   Skills:
 - Level 4.0 Fighting
 - Level 4.3 Short Blades
 + Level 4.5 Throwing
 + Level 3.0 Dodging
 - Level 9.0 Stealth
 - Level 1.1 Unarmed Combat


You had 7 spell levels left.
You didn't know any spells.

Dungeon Overview and Level Annotations

Branches:
Dungeon (7/15)             Temple (1/1) D:5

Altars:
Cheibriados
Dithmenos
Elyvilon
Fedhas
Gozag
Kikubaaqudgha
Makhleb
Okawaru
Pakellas
Qazlal
Ru
Sif Muna
Trog
Vehumet
Xom
Yredelemnul

Shops:
D:5 (


Innate Abilities, Weirdness & Mutations

You cannot wear most types of armour.
You are amphibious.
You can wear up to eight rings at the same time.
You can use your tentacles to constrict eight enemies at once.
Your skin changes colour to match your surroundings (Stealth).
Your rubbery body absorbs attacks (AC +1).


Message History

The phantom hits you!
* * * LOW HITPOINT WARNING * * *
You closely miss the phantom.
The phantom is moderately damaged.
The phantom barely misses you.
You hit the phantom but do no damage. Your squeeze misses the phantom.
The phantom is moderately damaged.
The phantom closely misses you.
You hit the phantom. You squeeze the phantom.
The phantom is heavily damaged.
You hit the phantom but do no damage. You squeeze the phantom!
The phantom is severely damaged.
The phantom misses you.
You closely miss the phantom. You squeeze the phantom!
The phantom is almost destroyed.
The phantom hits you!
* * * LOW HITPOINT WARNING * * *
Drink which item? (? for menu, Esc to quit)
You feel better. The phantom hits you!
You die...

.. #.# #.##.#
##########.# ..#.#
.........#.# #.#.#
########.#.# #(#.#
....# #.#.# #...#
###.# #.#.# #.)#
....# #.#.####.@#
....####.#.....#W#
...<.........#.#.#
.#######.....#.#.#
...........###.#.#
##########.. ..#.#
#######.# #.# #.#


You could see a phantom.

Vanquished Creatures
  An orc warrior (D:6)
  2 ogres
  Blork the orc (D:5)
  A water moccasin skeleton (D:4)
  2 crimson imps
  A giant frog zombie (D:7)
  A jelly (D:5)
  A hound (D:3)
  A giant frog skeleton (D:4)
  An orc priest (D:6)
  An orc wizard (D:3)
  2 iguanas
  2 worker ants
  9 adders
  4 gnolls (D:2)
  A shadow imp (D:5)
  An adder skeleton (D:5)
  2 worms
  A dart slug (D:2)
  7 giant geckos
  6 orcs
  2 ball pythons (D:4)
  11 giant cockroaches
  6 goblins
  6 hobgoblins
  5 jackals (D:1)
  A quokka (D:2)
  5 bats
  9 giant newts
  10 kobolds
  6 rats
109 creatures vanquished.

Notes
Turn   | Place    | Note
--------------------------------------------------------------
     0 | D:1      | Ijustatesigmund the Octopode Assassin began the quest for the Orb.
     0 | D:1      | Reached XP level 1. HP: 14/14 MP: 1/1
   278 | D:1      | Reached skill level 6 in Stealth
   278 | D:1      | Reached XP level 2. HP: 19/19 MP: 2/2
   920 | D:1      | Reached XP level 3. HP: 23/24 MP: 3/3
  1368 | D:2      | Reached XP level 4. HP: 29/29 MP: 4/4
  1390 | D:2      | Reached skill level 7 in Stealth
  1608 | D:2      | Found a white marble altar of Elyvilon.
  1611 | D:2      | Found a radiant altar of Vehumet.
  1611 | D:2      | Found an iron altar of Okawaru.
  1619 | D:2      | Found a bloodstained altar of Trog.
  1646 | D:2      | Reached XP level 5. HP: 34/34 MP: 5/5
  2697 | D:3      | Reached XP level 6. HP: 39/39 MP: 6/6
  3644 | D:4      | Reached skill level 8 in Stealth
  3644 | D:4      | Reached skill level 1 in Unarmed Combat
  3769 | D:4      | Found an opulent altar of Gozag.
  4594 | D:4      | Reached XP level 7. HP: 46/46 MP: 7/7
  4716 | D:5      | Entered Level 5 of the Dungeon
  5089 | D:5      | Noticed Blork the orc
  5114 | D:5      | Killed Blork the orc
  5339 | D:5      | Reached skill level 9 in Stealth
  5341 | D:5      | Found a staircase to the Ecumenical Temple.
  5361 | Temple   | Entered the Ecumenical Temple
  5468 | Temple   | Became a worshipper of Cheibriados the Contemplative
  5828 | D:5      | Found Epir's Weapon Shop.
  6262 | D:7      | Reached XP level 8. HP: 9/54 MP: 8/8
  6646 | D:6      | Slain by a phantom

Vault maps used:
D:1:      saegor_arrival_simple_b, dk_noncrumbling_3
D:2:      grunt_temple_overflow_open
D:4:      first_bread, grunt_gozag_breadcrumbs
D:5:      serial_curves, eino_curves_02, eino_curves_02, serial_shops,
          kennysheep_little_box, lemuel_statue_altar, uniq_blork_the_orc
D:6:      serial_shops, shop, guppyfry_early_elven_hall, uniq_menkaure
D:7:      gammafunk_temple_overflow_pools, kennysheep_minor_cross, st_stairs_11
Temple:   eino_temple_water_12

Skill      XL: |  1  2  3  4  5  6  7  8 |
---------------+-------------------------+-----
Stealth        | 6 7 8 9 |  9.0
Short Blades   | 3 4 |  4.3
Unarmed Combat | 1 |  1.1
Fighting       | 3 4 |  4.0
Throwing       | 4 |  4.5
Dodging        | 2 3 |  3.0

Action                   |  1- 3 |  4- 6 |  7- 9 || total
-------------------------+-------+-------+-------++-------
Melee: Dagger            |    63 |    98 |    96 ||   257
 Fire: Blowgun           |       |    10 |    15 ||    25
Throw: Tomahawk          |       |       |     6 ||     6
  Use: Scroll            |     2 |     7 |     3 ||    12
       Potion            |       |       |     3 ||     3
 Stab: Sleeping          |    11 |    25 |     4 ||    40
       Distracted        |       |     2 |     1 ||     3
  Eat: Chunk             |     1 |     9 |     1 ||    11
       Beef jerky        |       |       |     2 ||     2
       Bread ration      |       |       |     1 ||     1
       Pizza             |       |       |     1 ||     1
